 Dungeon Crawl Stone Soup version 0.20-a0-1126-g0f15420 (webtiles) character file.

3887 Naow the Arsonist (level 10, -15/61 HPs)
             Began as an Octopode Fire Elementalist on May 17, 2017.
             Was a Follower of Vehumet.
             Killed from afar by a hell hound (20 damage)
             ... with a blast of flame
             ... on level 8 of the Dungeon.
             The game lasted 00:15:50 (10768 turns).

Naow the Arsonist (Octopode Fire Elementalist)     Turns: 10768, Time: 00:15:51

Health: -15/61     AC:  3    Str:  7    XL:     10   Next: 19%
Magic:  21/21      EV: 14    Int: 22    God:    Vehumet [*.....]
Gold:   320        SH:  0    Dex: 12    Spells: 9/24 levels left

rFire    . . .     SeeInvis .   K - +1 dagger (flame)
rCold    . . .     Gourm    .   (no shield)
rNeg     . . .     Faith    .   h - +2 hat
rPois    .         Spirit   .   H - amulet of magic regeneration
rElec    .         Reflect  .   x - ring of flight
rCorr    .         Harm     .   (no ring)
MR       .....                  (no ring)
Stlth    +++.......             (no ring)
Regen    0.2/turn               (no ring)
MPRegen  0.3/turn               (no ring)
                                (no ring)
                                (no ring)

@: no status effects
A: almost no armour, stealthy swim, amphibious, 8 rings, constrict 8, camouflage
1, gelatinous body 1
a: Renounce Religion, Evoke Flight


You were on level 8 of the Dungeon.
You worshipped Vehumet.
Vehumet was aware of your devotion.
You were hungry.

You visited 2 branches of the dungeon, and saw 9 of its levels.

You collected 620 gold pieces.
You spent 300 gold pieces at shops.

Inventory:

Hand Weapons
 j - a +0 dagger
 K - a +1 dagger of flaming (weapon)
Missiles
 B - 2 throwing nets (quivered)
Armour
 h - a +2 hat (worn)
Jewellery
 x - a ring of flight (left tentacle)
 H - an amulet of magic regeneration (around mantle)
 I - an uncursed amulet of faith {unknown}
Wands
 q - a wand of iceblast (7/15)
 C - a wand of lightning (9/15)
 D - a wand of iceblast (7/15)
 F - a wand of scattershot (2/9)
 N - a wand of lightning (6/15)
Scrolls
 d - 10 scrolls of identify {unknown}
 e - 4 scrolls of teleportation {unknown}
 g - 3 scrolls of immolation {unknown}
 k - 5 scrolls of remove curse {unknown}
 l - a scroll of amnesia {unknown}
 m - a scroll of fog {unknown}
 r - a scroll of blinking {unknown}
 t - a scroll of noise {unknown}
 u - a scroll of recharging {unknown}
 y - a scroll of random uselessness {unknown}
 E - a scroll of enchant weapon {unknown}
 G - a scroll of enchant armour {unknown}
 J - a scroll of holy word {unknown}
Potions
 c - a potion of curing
 i - 2 potions of haste {unknown}
 n - 2 potions of brilliance {unknown}
 o - 2 potions of ambrosia {unknown}
 p - a potion of mutation {unknown}
 z - 2 potions of resistance {unknown}
 A - a potion of invisibility {unknown}
Books
 a - a book of Flames

   Spells                             Type                      Level
   a - Flame Tongue                   Conjuration/Fire             1
   b - Throw Flame                    Conjuration/Fire             2
   c - Conjure Flame                  Conjuration/Fire             3
   d - Inner Flame                    Hexes/Fire                   3
   e - Sticky Flame                   Conjuration/Fire             4
   f - Fireball                       Conjuration/Fire             5
 w - a book of Cantrips

   Spells                             Type                      Level
   a - Confusing Touch                Hexes                        1
   b - Animate Skeleton               Necromancy                   1
   c - Summon Small Mammal            Summoning                    1
   d - Apportation                    Translocation                1
 M - a book of Beasts

   Spells                             Type                      Level
   a - Summon Butterflies             Summoning                    1
   b - Call Canine Familiar           Summoning                    3
   c - Summon Ice Beast               Ice/Summoning                4
   d - Summon Mana Viper              Hexes/Summoning              5
   e - Summon Hydra                   Summoning                    7
Comestibles
 b - 8 bread rations
 f - 3 fruits
 s - a meat ration
 v - a royal jelly
 L - 5 chunks of flesh


   Skills:
 + Level 2.6 Fighting
 + Level 3.4 Dodging
 - Level 2.6 Stealth
 + Level 7.5 Spellcasting
 + Level 8.0 Conjurations
 + Level 8.6 Fire Magic


You had 9 spell levels left.
You knew the following spells:

 Your Spells              Type           Power        Failure   Level  Hunger
a - Flame Tongue          Conj/Fire      #####        1%          1    None
b - Throw Flame           Conj/Fire      #####.       1%          2    None
c - Conjure Flame         Conj/Fire      #####...     1%          3    None
d - Sticky Flame          Conj/Fire      #####...     2%          4    ###....
e - Fireball              Conj/Fire      #####.....   7%          5    #####..


Dungeon Overview and Level Annotations

Branches:
Dungeon (8/15)             Temple (1/1) D:5            Lair (0/6) D:8

Altars:
Ashenzari
Cheibriados
Fedhas
Hepliaklqana
Qazlal
Trog
Uskayaw
Vehumet
Yredelemnul
Zin
The Shining One

Shops:
D:4 [[*   D:5 [*   D:7 (=?

Annotations:
D:8 exclusion: hell hound


Innate Abilities, Weirdness & Mutations

You cannot wear most types of armour.
You are very stealthy in the water. (Stealth+)
You are amphibious.
You can wear up to eight rings at the same time.
You can use your tentacles to constrict eight enemies at once.
Your skin changes colour to match your surroundings (Stealth+).
Your rubbery body absorbs attacks. (AC +1, EV +1)


Message History

You hit the hell hound but do no damage.
You constrict the hell hound. The hell hound bites you! x2
It was a potion of curing.
You feel better.
You constrict the hell hound. The hell hound barely misses you.
Okay, then.
Evoke which item? (* to show all) (? for menu, Esc to quit)
Aiming: Iceblast (will waste charges)
Press: ? - help, Shift-Dir - straight line, f - hell hound
Aim: a hell hound (lightly wounded, constricted by you) That beam is likely to hit you.
Continue anyway?
Okay, then.
You release your grip on the hell hound.
The hell hound bites you. The hell hound breathes flames at you.
The blast of flame hits you!
* * * LOW HITPOINT WARNING * * *
The hell hound misses you. The hell hound breathes flames at you.
The blast of flame hits you!
You die...

#.#.######## ............
...#.. #.#..####### ...#.
#.#..# ..... #.#..# #...
#.#..# # #..# #
#.#..#######)# #..# #.#
.........(...###..##...#.
.....###........@........
..##h# ##########.####..
####.# #h# #.# #.# #.#
#.# #.############.#
#..............#
################


You could see a hell hound.

Vanquished Creatures
  A two-headed ogre (D:8)
  Grinder (D:3)
  A hippogriff (D:7)
  Sigmund (D:4)
  4 orc warriors
  2 black bears
  5 ice beasts
  An eye of draining (D:8)
  3 ogres
  3 centaurs
  A big kobold (D:7)
  A wyvern zombie (D:7)
  A scorpion (D:3)
  A howler monkey (D:4)
  4 hounds
  2 jellies
  A quasit (D:8)
  4 orc priests
  3 bullfrog skeletons
  Natasha (D:2)
  5 orc wizards
  2 worker ants
  2 hound skeletons
  Robin (D:2)
  8 adders
  3 gnolls (D:7)
  4 shadow imps
  An ooze (D:5)
  2 worms
  2 dart slugs
  9 leopard geckos
  24 orcs
  10 bats
  6 giant cockroaches
  6 hobgoblins
  13 jackals
  5 quokkas
  4 ball pythons
  5 frilled lizards
  14 goblins
  17 kobolds
  A quokka skeleton (D:8)
  A quokka zombie (D:5)
  5 rats
191 creatures vanquished.

Notes
Turn   | Place    | Note
-------+----------+-------------------------------------------
     0 | D:1      | Naow the Octopode Fire Elementalist began the quest for the Orb.
     0 | D:1      | Reached XP level 1. HP: 11/11 MP: 3/3
   384 | D:1      | Reached XP level 2. HP: 13/17 MP: 0/5
  1057 | D:1      | Reached XP level 3. HP: 8/21 MP: 0/6
  2106 | D:2      | Reached XP level 4. HP: 27/27 MP: 6/8
  2363 | D:2      | Noticed Natasha
  2368 | D:2      | Killed Natasha
  2661 | D:2      | Noticed Robin
  2795 | D:2      | Killed Robin
  2795 | D:2      | Reached XP level 5. HP: 22/31 MP: 0/9
  2802 | D:2      | Learned a level 2 spell: Throw Flame
  2806 | D:2      | Learned a level 3 spell: Conjure Flame
  2811 | D:2      | Learned a level 4 spell: Sticky Flame
  3137 | D:3      | Noticed Grinder
  3144 | D:3      | Paralysed by Grinder for 7 turns
  3147 | D:3      | Killed Grinder
  3147 | D:3      | Reached XP level 6. HP: 36/36 MP: 1/11
  4184 | D:3      | Reached skill level 5 in Fire Magic
  4184 | D:3      | Reached XP level 7. HP: 23/41 MP: 3/13
  5069 | D:4      | Found Dekhat's Armour Shop.
  5137 | D:4      | Noticed Sigmund
  5314 | D:4      | Killed Sigmund
  5314 | D:4      | Reached skill level 5 in Conjurations
  5314 | D:4      | Reached XP level 8. HP: 46/46 MP: 4/15
  5341 | D:4      | Reached skill level 5 in Spellcasting
  6389 | D:4      | Found Ysohad's Assorted Antiques.
  6464 | D:4      | Found Xisig's Armour Shoppe.
  6592 | D:5      | Entered Level 5 of the Dungeon
  6735 | D:5      | Found Pibeitwu's Armour Shoppe.
  6809 | D:5      | Found Zin's Purification Station.
  6814 | D:5      | Found a glowing silver altar of Zin.
  7093 | D:5      | Found a staircase to the Ecumenical Temple.
  7164 | Temple   | Entered the Ecumenical Temple
  7204 | Temple   | Became a worshipper of Vehumet
  7793 | D:6      | Reached XP level 9. HP: 51/51 MP: 14/18
  7824 | D:7      | Found Parroetz's Antique Weapon Emporium.
  8488 | D:7      | Found Obirgh's Jewellery Shop.
  8496 | D:7      | Bought an uncursed amulet of magic regeneration for 300 gold pieces
  8657 | D:7      | Found a shattered altar of Ashenzari.
  8761 | D:7      | Found Yfoeqymadu's Magic Scroll Shop.
  8798 | D:7      | Reached * piety under Vehumet
  8798 | D:7      | Offered knowledge of Sting by Vehumet.
  9839 | D:8      | Noticed a two-headed ogre
  9854 | D:8      | Killed a two-headed ogre
  9854 | D:8      | Reached XP level 10. HP: 15/60 MP: 10/21
 10174 | D:8      | Found a staircase to the Lair.
 10184 | D:8      | Learned a level 5 spell: Fireball
 10735 | D:8      | Offered knowledge of Freeze by Vehumet.
 10768 | D:8      | Killed from afar by a hell hound

Vault maps used:
D:1:      dpeg_arrival_subterranean_lakeside_camping
D:2:      uniq_natasha, uniq_robin
D:3:      minmay_strange_pillars, uniq_grinder
D:4:      serial_shops, shop_statue, shop, kennysheep_mini, uniq_sigmund
D:5:      zin_purify, minmay_temple_entry_statues_fountains, first_bread,
          serial_shops, shop
D:6:      tgw_fedhas
D:7:      serial_shops, nicolae_shop_statue_plus, shop, nicolae_shop_stone,
          basic_altar
D:8:      minmay_lair_entry_lava, basic_altar, uniq_prince_ribbit1
Temple:   regret_index_temple_sigil_plot

Skill      XL: |  1  2  3  4  5  6  7  8  9 10 |
---------------+-------------------------------+-----
Conjurations   | 2 3 4 5 6 7 8 |  8.0
Spellcasting   | 3 4 6 7 |  7.5
Fire Magic     | 4 5 6 7 8 |  8.6
Fighting       | 2 |  2.6
Dodging        | 3 |  3.4
Stealth        | |  2.6

Action                   |  1- 3 |  4- 6 |  7- 9 | 10-12 || total
-------------------------+-------+-------+-------+-------++-------
Melee: Unarmed           |    17 |       |       |       ||    17
       Constrict         |    14 |    11 |    12 |     2 ||    39
       Tentacles         |     8 |     5 |     9 |     2 ||    24
       Dagger            |    31 |    33 |    37 |     7 ||   108
 Cast: Flame Tongue      |    53 |    69 |   183 |    21 ||   326
       Sticky Flame      |       |     2 |    21 |     4 ||    27
       Throw Flame       |       |     1 |    46 |    16 ||    63
       Conjure Flame     |       |       |     6 |       ||     6
Evoke: Wand              |       |       |     1 |       ||     1
  Use: Potion            |       |       |       |     1 ||     1
 Stab: Sleeping          |     2 |     3 |     1 |       ||     6
  Eat: Chunk             |     4 |     6 |    21 |     3 ||    34
Armor: Skin              |    13 |    12 |    12 |     2 ||    39
Dodge: Dodged            |    50 |    42 |    82 |     8 ||   182
